 Dungeon Crawl Stone Soup version 0.31-a0-366-ga77b45bd9b (webtiles) character file.

Game seed: 265017576214212485

102214 AdnanSaban the Warrior (level 16, -3/111 HPs)
             Began as a Gargoyle Fighter on July 28, 2023.
             Was the Champion of Okawaru.
             Slain by a manticore (6 damage)
             ... summoned by Kirke
             ... on level 3 of the Swamp.
             The game lasted 00:50:47 (32042 turns).

AdnanSaban the Warrior (Gargoyle Fighter)          Turns: 32042, Time: 00:50:48

Health: -3/111     AC:  0    Str: 28    XL:     16   Next: 32%
Magic:  21/21      EV: 14    Int:  9    God:    Okawaru [******]
Gold:   3232       SH:  0    Dex:  7    Spells: 15/15 levels left

rFire   . . .        O - melded +4 morningstar (protect)
rCold   + . .        T - melded +1 buckler {AC+3}
rNeg    + . .        c - melded +0 storm dragon scales
rPois   ∞            I - melded +3 helmet of Pathos {+Blink rPois}
rElec   .            a - melded +2 cloak {rCorr}
rCorr   .            G - melded +1 pair of gloves {Dex+3}
SInv    .            (boots currently unavailable)
Will    +....        y - amulet of Holej {Acrobat +Inv rC+ Dex-2}
Stlth   +            H - melded ring "Qanoysea" {rPois rF+ Dex+2 Slay+4}
HPRegen 0.38/turn    S - melded ring of Lunec {Ice Str+2 Int-4 Slay+2 Stlth+}
MPRegen 0.17/turn

%: acrobat
@: pig-form, very slow
A: fast, no casting, sickness immunity, AC +12, small, (big wings), negative
energy resistance 1, (electricity resistance), torment resistance 1,
petrification resistance
a: Renounce Religion, Evoke Invisibility, Heroism, Finesse, Duel


You were on level 3 of the Swamp.
You worshipped Okawaru.
Okawaru was exalted by your worship.
You were a filthy swine.
You visited 5 branches of the dungeon, and saw 24 of its levels.
You also visited: Bailey and Ice Cave.

You collected 3232 gold pieces.

Inventory:

Hand Weapons
 O - a +4 morningstar of protection (melded)
Missiles
 q - 25 poisoned darts
 x - 6 boomerangs (quivered)
 E - 2 silver boomerangs
 K - 2 boomerangs of dispersal
 L - 9 curare-tipped darts
 X - 2 silver javelins
 Y - 3 atropa-tipped darts
Armour
 a - a +2 cloak of preservation (melded)
 c - +0 storm dragon scales (melded)
 G - a +1 pair of gloves of dexterity (melded)
 I - the +3 helmet of Pathos (melded) {+Blink rPois}
   (You found it on level 1 of the Lair of Beasts)

   rPois:     It protects you from poison.
   +Blink:    It lets you blink.
 T - a +1 buckler of protection (melded)
 Z - a scarf of repulsion
Jewellery
 y - the amulet of Holej (around neck) {Acrobat +Inv rC+ Dex-2}
   (You found it in an ice cave)

   [amulet of the acrobat]

   It increases your evasion while moving and waiting.
   Dex:       It affects your dexterity (-2).
   rC:        It protects you from cold.
   +Inv:      It lets you turn invisible.
 B - a +6 ring of intelligence
 C - an amulet of regeneration
 H - the ring "Qanoysea" (melded) {rPois rF+ Dex+2 Slay+4}
   (You found it on level 9 of the Dungeon)

   [ring of slaying]

   Dex:       It affects your dexterity (+2).
   Slay:      It affects your accuracy & damage with ranged weapons and melee
   (+4).
   rF:        It protects you from fire.
   rPois:     It protects you from poison.
 S - the ring of Lunec (melded) {Ice Str+2 Int-4 Slay+2 Stlth+}
   (You found it in an ice cave)

   [ring of ice]

   It enhances your ice magic.
   Str:       It affects your strength (+2).
   Int:       It affects your intelligence (-4).
   Slay:      It affects your accuracy & damage with ranged weapons and melee
   (+2).
   rF:        It makes you vulnerable to fire.
   rC:        It protects you from cold.
   Stlth:     It makes you more stealthy.
 U - the ring of Jexzel {rF+ Will+}
   (You found it in an ice cave)

   [ring of protection from fire]

   rF:        It protects you from fire.
   Will:      It increases your willpower.
Wands
 t - a wand of roots (20)
Scrolls
 e - 4 scrolls of fear {unknown}
 f - 3 scrolls of torment {unknown}
 h - 11 scrolls of teleportation
 i - 5 scrolls of blinking {unknown}
 j - 20 scrolls of identify {unknown}
 m - a scroll of noise {unknown}
 p - 3 scrolls of revelation {unknown}
 r - 2 scrolls of amnesia {unknown}
 u - 3 scrolls of enchant weapon {unknown}
 w - 4 scrolls of vulnerability {unknown}
 J - a scroll of enchant armour {unknown}
 N - 5 scrolls of immolation {unknown}
 Q - a scroll of poison {unknown}
 R - 3 scrolls of fog {unknown}
Potions
 b - 5 potions of ambrosia {unknown}
 d - 5 potions of might
 g - 2 potions of cancellation {unknown}
 k - 3 potions of lignification
 l - 4 potions of enlightenment {unknown}
 n - 4 potions of invisibility {unknown}
 o - a potion of resistance {unknown}
 s - 4 potions of heal wounds {unknown}
 v - 3 potions of mutation {unknown}
 z - 4 potions of curing
 A - 3 potions of attraction {unknown}
 M - 4 potions of haste {unknown}
 P - 2 potions of magic {unknown}
 V - 3 potions of degeneration {unknown}
 W - 2 potions of berserk rage {unknown}


   Skills:
 * Level 16.6 Fighting
 + Level 16.5 Maces & Flails
 + Level 6.6 Throwing
 + Level 13.2 Armour
 + Level 4.1 Dodging
 + Level 11.2 Shields
 + Level 7.1 Invocations


You had 15 spell levels left.
You didn't know any spells.
Your spell library contained the following spells:

 Spells                   Type           Power      Damage    Failure   Level
 Necrotise                Necr           0%         1d4       38%         1
 Sandblast                Erth           0%         2d4       38%         1
 Shock                    Conj/Air       0%         1d3       38%         1
 Slow                     Hex            0%         N/A       38%         1
 Blink                    Tloc           0%         N/A       52%         2
 Ensorcelled Hibernation  Hex/Ice        0%         N/A       52%         2
 Lesser Beckoning         Tloc           0%         N/A       52%         2
 Momentum Strike          Conj/Tloc      0%         3d8       52%         2
 Passwall                 Tmut/Erth      0%         N/A       52%         2
 Static Discharge         Conj/Air       0%         2-2/arc   52%         2
 Confusing Touch          Hex            0%         N/A       77%         3
 Mephitic Cloud           Conj/Pois/Air  0%         N/A       77%         3
 Stone Arrow              Conj/Erth      0%         3d7       77%         3
 Swiftness                Air            0%         N/A       77%         3
 Vampiric Draining        Necr           0%         2d6       77%         3
 Vhi's Electric Charge    Tloc/Air       0%         N/A       77%         3
 Airstrike                Air            0%         2d(0-16)  99%         4
 Petrify                  Tmut/Erth      0%         N/A       99%         4
 Agony                    Necr           0%         N/A       100%        5
 Alistair's Intoxication  Tmut/Pois      0%         N/A       100%        5
 Arcjolt                  Conj/Air       0%         1d10      100%        5
 Borgnjor's Vile Clutch   Necr/Erth      0%         N/A       100%        5
 Irradiate                Conj/Tmut      0%         3d11      100%        5
 Lee's Rapid Deconstruct  Erth           0%         3d4*      100%        5
 Eringya's Noxious Bog    Tmut/Pois      0%         4d6       100%        6
 Plasma Beam              Fire/Air       0%         2x1d10    100%        6
 Ozocubu's Refrigeration  Ice            0%         4d7       100%        7
 Polar Vortex             Ice            0%         N/A       100%        9
 Sublimation of Blood     Necr           Unusable   N/A       N/A         2
 Animate Armour           Summ/Erth      Unusable   N/A       N/A         4
 Summon Lightning Spire   Summ/Air       Unusable   N/A       N/A         4
 Simulacrum               Ice/Necr       Unusable   N/A       N/A         6

Dungeon Overview and Level Annotations

Branches:
Dungeon (13/15)            Temple (1/1) D:6            Lair (5/5) D:11
  Swamp (3/4) Lair:2        Snake (0/4) Lair:2        Slime (0/5) Lair:4
    Orc (2/2) D:12            Elf (0/3) Orc:2        Bailey (visited)
  IceCv (visited)
 Vaults: D:13-14

Altars:
Ashenzari
Cheibriados
Dithmenos
Elyvilon
Fedhas
Gozag
Hepliaklqana
Kikubaaqudgha
Makhleb
Nemelex Xobeh
Okawaru
Qazlal
Ru
Sif Muna
Trog
Uskayaw
Vehumet
Wu Jian
Xom
Yredelemnul
Zin
The Shining One
Jiyva

Shops:
D:6 *   D:11 (   D:13 (   Orc:2 =(?*=?

Portals:
Abyss: Lair:2
Trove: D:11 (give 13 potions of heal wounds)

Annotations:
D:6 1 runed translucent door, Crazy Yiuf
D:8 1 runed translucent door, MacCMillion's ghost, novice DrSh
Lair:2 2 transporters, Thargor's ghost, journeyman MiGl
Lair:5 exclusion: oklob plant
Swamp:3 Kirke


Innate Abilities, Weirdness & Mutations

You are a filthy swine.
You move quickly.
Your equipment is almost entirely melded.
You are incapable of wielding weapons or throwing items.
You cannot cast spells.
You are immune to sickness and miasma.
((Your stone body is resilient. (AC +12)))
You are immune to poison.
((Your large and strong wings let you fly.))
You resist negative energy. (rN+)
((You are resistant to electric shocks. (rElec)))
You are resistant to unholy torment.
You are immune to petrification.


Message History

You hear some strange, mumbled words.
Something summons a manticore!
You impale something!! Something hits you but does no damage.
Unknown command.
You bludgeon something!! The manticore bites you!
The manticore closely misses you. You block the manticore's attack.
You bludgeon something!!
You hear some strange, mumbled words.
You turn into a filthy swine.
Your +4 morningstar of protection melds into your body.
Your +2 cloak of preservation melds into your body.
The +3 helmet of Pathos {+Blink rPois} melds into your body.
Your +1 pair of gloves of dexterity melds into your body.
Your +1 buckler of protection melds into your body.
Your +0 storm dragon scales melds into your body.
The ring "Qanoysea" {rPois rF+ Dex+2 Slay+4} melds into your body.
The ring of Lunec {Ice Str+2 Int-4 Slay+2 Stlth+} melds into your body.
Your +4 morningstar of protection goes still.
You feel clumsy.
You feel less protected. The manticore misses you.
The manticore barely misses you. The manticore claws you!
You barely miss something.
You hear some strange, mumbled words.
You feel a momentary urge to oink.
You barely miss something. The manticore bites you. The manticore claws you!
The manticore claws you.
You bite something! Something hits you! The manticore bites you!!
* * * LOW HITPOINT WARNING * * *
The manticore claws you.
* * * LOW HITPOINT WARNING * * *
The manticore claws you!
* * * LOW HITPOINT WARNING * * *
You enter the shallow water.
Moving in this stuff is going to be slow.
You hear some strange, mumbled words.
Something summons a manticore!
You feel better. The manticore bites you!
* * * LOW HITPOINT WARNING * * *
The manticore claws you.
You die...

).♣ ♣~.§~ ♣.♣
♣~~~. ♣.♣♣ ♣~~.♣
♣..♣ ♣~..♣ ...♣
♣~~H♣ ~§.♣ ♣~~~♣
~~.♣ ♣♣... ♣♣†{.♣
...♣♣ ~~~.♣♣♣.H.♣
..[.♣ ...♣♣§~♣h♣
....♣ .~♣♣♣~~~♣
♣♣♣.♣# #.~♣♣...♣
♣..# #~~.♣..♣♣
♣♣♣♣.# ##~~♣♣†.♣
...♣.♣ ##~....§.♣
.♣~♣.♣♣♣.~.~~~§.♣
♣♣~♣..♣♣♣.[~.§~§♣
♣♣~~♣.♣ ♣.~~~~~♣♣


You could see 2 manticores.

Vanquished Creatures
  Nikola (Swamp:1)
  Jorgrun (Swamp:1)
  2 azure jellies (IceCv)
  2 fenstrider witches
  An orc warlord (Orc:2)
  4 quicksilver oozes (IceCv)
  Nessos (Lair:4)
  4 bunyips
  2 eleionomae
  A dire elephant (Lair:5)
  Snorg (Lair:4)
  7 hydras
  2 boulder beetles
  An ice dragon (Lair:5)
  2 centaur warriors (D:13)
  2 ghost crabs (Swamp:3)
  2 catoblepae
  2 two-headed ogres (D:11)
  3 alligators (Swamp:1)
  An orc high priest (Orc:2)
  A shock serpent (D:11)
  16 death yaks
  Sonja (D:11)
  3 sixfirhies (D:11)
  2 goliath frogs
  A skyshark (Lair:2)
  A death drake (Swamp:3)
  3 swamp dragons
  A spriggan druid (Swamp:3)
  3 bog bodies
  2 lindwurms (Lair:5)
  An orc knight (D:12)
  3 deep elf pyromancers
  An ugly thing (D:13)
  3 will-o-the-wisps
  2 elephants (Lair:5)
  2 manticores (Lair:5)
  10 orc sorcerers
  3 cyclopes
  A black mamba (shapeshifter) (D:8)
  5 black mambas
  5 torpor snails (Lair:5)
  An ice statue (IceCv)
  An unseen horror (D:10)
  12 cane toads
  3 gargoyles
  7 komodo dragons
  3 ice devils (Lair:1)
  2 rime drakes
  An efreet (D:9)
  8 trolls
  4 polar bears
  10 tyrant leeches
  7 hornets (Lair:5)
  3 dream sheep (Lair:5)
  A blink frog (Lair:5)
  4 raiju
  2 shadows
  3 slime creatures (IceCv)
  A wyvern (Lair:5)
  A dire elephant simulacrum (Lair:1)
  34 yaks
  2 spriggans (Swamp:3)
  5 hogs (Swamp:3)
  2 vampires
  A wraith (D:13)
  2 basilisks
  3 steam dragons
  7 wargs
  11 vampire mosquitoes
  A death yak simulacrum (Lair:1)
  7 swamp worms
  A harpy simulacrum (D:13)
  2 nagas (Lair:2)
  17 water moccasins
  2 sky beasts
  Duvessa (D:4)
  2 swamp drakes
  28 orc warriors
  2 ice beasts
  4 great orb of eyes simulacra (IceCv)
  3 black bears
  3 ogres
  13 wolves
  9 centaurs
  4 slime creature simulacra (IceCv)
  3 phantoms
  A kobold brigand (D:9)
  3 scorpions
  A cane toad simulacrum (Lair:1)
  15 bullfrogs
  2 gnoll sergeants
  A glowing shapeshifter simulacrum (IceCv)
  A two-headed ogre simulacrum (Lair:1)
  An entropy weaver simulacrum (Lair:1)
  17 wights
  Dowan (D:4)
  An elephant simulacrum (Lair:1)
  3 killer bees
  7 vampire bats (Bailey)
  2 electric eels
  3 howler monkeys
  6 wolf zombies (Bailey)
  15 jellies
  4 hounds
  10 orc priests
  3 sleepcaps
  3 iguanas (D:5)
  49 orc wizards
  2 shapeshifter simulacra (IceCv)
  A spriggan simulacrum (Lair:1)
  20 gnolls
  9 adders
  15 white imps
  4 dart slugs
  98 orcs
  7 ball pythons
  5 endoplasms
  2 giant cockroaches
  7 goblins
  4 hobgoblins
  2 jackals (D:1)
  7 kobolds
  5 quokkas
  3 bats
  A frilled lizard (D:2)
  19 orc zombies (Bailey)
  5 rats
720 creatures vanquished.

Vanquished Creatures (others)
  A tyrant leech (Swamp:3)
  2 bloated husks (Swamp:2)
  An orc wizard (Orc:2)
  4 orcs
  22 foxfires
30 creatures vanquished.

Grand Total: 750 creatures vanquished

Notes
Turn   | Place    | Note
-------+----------+-------------------------------------------
     0 | D:1      | AdnanSaban the Gargoyle Fighter began the quest for the
                  | Orb.
     0 | D:1      | Reached XP level 1. HP: 14/14 MP: 1/1
    24 | D:1      | Found a faded altar of an unknown god.
   144 | D:1      | Reached XP level 2. HP: 11/19 MP: 2/2
   714 | D:2      | Reached XP level 3. HP: 12/23 MP: 3/3
   910 | D:2      | Reached XP level 4. HP: 29/29 MP: 4/4
  1462 | D:3      | Identified the +5 short sword of Diet Blood {protect, rCorr
                  | Dex+3 SInv Stlth+}
  2032 | D:4      | Found a shadowy altar of Dithmenos.
  2339 | D:4      | Found a radiant altar of Vehumet.
  2489 | D:4      | Reached XP level 5. HP: 33/33 MP: 5/5
  2955 | D:4      | Found a large runed translucent door.
  2956 | D:4      | Found a large runed translucent door.
  2996 | D:4      | Noticed a black bear
  3000 | D:4      | Killed a black bear
  3001 | D:4      | Reached skill level 1 in Dodging
  3001 | D:4      | Reached XP level 6. HP: 39/39 MP: 6/6
  3179 | D:4      | Found a sacrificial altar of Ru.
  3182 | D:4      | Found a stormy altar of Qazlal.
  3205 | D:5      | Entered Level 5 of the Dungeon
  3377 | D:5      | Reached skill level 5 in Maces & Flails
  3377 | D:5      | Reached XP level 7. HP: 44/44 MP: 7/7
  3413 | D:5      | Reached skill level 1 in Throwing
  3413 | D:5      | Reached skill level 5 in Armour
  3438 | D:5      | Noticed Duvessa
  3440 | D:5      | Noticed Dowan
  3592 | D:5      | You fall into a shaft and drop 1 floor!
  4054 | D:5      | Reached skill level 5 in Fighting
  4195 | D:5      | Reached XP level 8. HP: 46/49 MP: 8/8
  4274 | D:5      | Identified the +5 mace of Zoeker {speed, *Corrode Will-
                  | Str+7 SInv}
  4454 | D:6      | Found a runed translucent door.
  4455 | D:6      | Noticed Crazy Yiuf
  4541 | D:6      | Reached skill level 5 in Shields
  4851 | D:6      | Found a staircase to the Ecumenical Temple.
  4856 | D:6      | Found Vexzaurch's General Store.
  4866 | Temple   | Entered the Ecumenical Temple
  5273 | D:7      | Reached XP level 9. HP: 39/56 MP: 9/9
  5731 | D:7      | Found an opulent altar of Gozag.
  6036 | D:7      | Found a shimmering altar of Xom.
  6943 | D:8      | Reached XP level 10. HP: 61/64 MP: 10/10
  7019 | D:8      | Found a runed translucent door.
  7024 | D:8      | Noticed MacCMillion's ghost (novice DrSh)
  7025 | D:8      | Identified the +6 trident "Niogh" {heavy, rF++ Will+++
                  | Int-5 Dex-5}
  7101 | D:8      | Found a flagged portal.
  7120 | Bailey   | Entered a bailey
  7292 | Bailey   | Noticed a gargoyle
  7312 | Bailey   | Killed a gargoyle
  7313 | Bailey   | Reached skill level 10 in Maces & Flails
  7746 | Bailey   | Identified the +2 dagger of Vapiuh {heavy, rN+ MP+9 Stlth-}
  7750 | Bailey   | Identified the +0 pair of gloves of the Hills {*Corrode
                  | Str+7 Dex-2 Stlth+}
  7964 | D:8      | Found an iron altar of Okawaru.
  7973 | D:8      | Became a worshipper of Warmaster Okawaru
  7994 | D:8      | Found a shimmering blue altar of Sif Muna.
  8665 | D:9      | Reached * piety under Okawaru
  8863 | D:9      | Found a broken altar of Ashenzari.
  8872 | D:9      | Found a burning altar of Makhleb.
  9483 | D:9      | Noticed a deep elf pyromancer
  9483 | D:9      | Noticed a black mamba
  9484 | D:9      | a black mamba changed into a black bear
  9510 | D:9      | Noticed a black mamba
  9874 | D:8      | Killed a black mamba
  9874 | D:8      | Reached ** piety under Okawaru
  9875 | D:8      | Reached XP level 11. HP: 57/71 MP: 11/11
  9898 | D:8      | Killed a deep elf pyromancer
  9899 | D:8      | Reached skill level 1 in Invocations
 10345 | D:9      | Found a glowing silver altar of Zin.
 10670 | D:9      | Identified the ring "Qanoysea" {rPois rF+ Dex+2 Slay+4}
 10684 | D:9      | Got Luidympiv's Compendium of Gases
 10752 | D:10     | Entered Level 10 of the Dungeon
 11380 | D:10     | Reached *** piety under Okawaru
 11683 | D:11     | Noticed Sonja
 11698 | D:11     | Killed Sonja
 11823 | D:11     | Found a staircase to the Lair.
 12030 | D:11     | Noticed a cyclops
 12042 | D:11     | Killed a cyclops
 12042 | D:11     | Reached **** piety under Okawaru
 12076 | D:11     | Reached skill level 10 in Fighting
 12150 | D:11     | Noticed a two-headed ogre
 12157 | D:11     | Killed a two-headed ogre
 12493 | D:11     | Found a portal to a secret trove of treasure.
 12523 | D:11     | Found Ruamor's Weapon Boutique.
 12588 | D:11     | Reached ***** piety under Okawaru
 12960 | D:12     | Noticed a two-headed ogre
 12980 | D:11     | Killed a two-headed ogre
 12980 | D:11     | Received a gift from Okawaru
 12981 | D:11     | Reached XP level 12. HP: 20/78 MP: 14/14
 13215 | D:12     | Found a staircase to the Orcish Mines.
 13431 | D:12     | Noticed a shock serpent
 13454 | D:11     | Received a gift from Okawaru
 13585 | D:11     | Reached skill level 10 in Armour
 13803 | D:11     | Killed a shock serpent
 13803 | D:11     | Identified the +1 cloak of the Baker {*Slow rN+ rCorr}
                  | (Okawaru gifted it to you on level 11 of the Dungeon)
 13803 | D:11     | Received a gift from Okawaru
 13830 | D:12     | Identified the +1 quick blade "Caxiuf" {elec, Dex+4}
 14029 | D:12     | Noticed a boulder beetle
 14047 | D:12     | Killed a boulder beetle
 14048 | D:12     | Reached skill level 5 in Invocations
 14993 | D:13     | Noticed a centaur warrior
 15005 | D:13     | Killed a centaur warrior
 15343 | D:13     | Found Coblom's Weapon Shop.
 16029 | D:13     | Noticed a centaur warrior
 16042 | D:13     | Killed a centaur warrior
 16616 | D:4      | Killed Duvessa
 16621 | D:4      | Killed Dowan
 16901 | Lair:1   | Entered Level 1 of the Lair of Beasts
 16937 | Lair:1   | Reached XP level 13. HP: 59/84 MP: 17/17
 18272 | Lair:1   | Identified the +3 helmet of Pathos {+Blink rPois}
 18278 | Lair:1   | Received a gift from Okawaru
 19124 | Lair:2   | Found a staircase to the Snake Pit.
 19269 | Lair:2   | Noticed a tentacled starspawn
 19352 | Lair:2   | Found a staircase to the Swamp.
 19387 | Lair:2   | Found a transporter.
 19397 | Lair:2   | Noticed Thargor's ghost (journeyman MiGl)
 19411 | Lair:2   | Found a one-way gate to the infinite horrors of the Abyss.
 19413 | Lair:2   | Found a transporter.
 19821 | Lair:1   | Received a gift from Okawaru
 20535 | Lair:3   | Found a frozen archway.
 20571 | IceCv    | Entered an ice cave
 21011 | IceCv    | Noticed a quicksilver ooze
 21022 | IceCv    | Killed a quicksilver ooze
 21203 | IceCv    | Noticed a quicksilver ooze
 21215 | IceCv    | Killed a quicksilver ooze
 21216 | IceCv    | Gained mutation: Your large and strong wings let you fly.
                  | [Gargoyle growth]
 21216 | IceCv    | Reached XP level 14. HP: 76/94 MP: 4/19
 21329 | IceCv    | Noticed a quicksilver ooze
 21336 | IceCv    | Killed a quicksilver ooze
 21336 | IceCv    | Reached ****** piety under Okawaru
 21374 | IceCv    | Noticed a quicksilver ooze
 21386 | IceCv    | Killed a quicksilver ooze
 21459 | IceCv    | Found a viscous altar of Jiyva.
 21459 | IceCv    | Noticed an azure jelly
 21467 | IceCv    | Killed an azure jelly
 21467 | IceCv    | Received a gift from Okawaru
 21473 | IceCv    | Noticed an azure jelly
 21485 | IceCv    | Killed an azure jelly
 21670 | IceCv    | Identified the amulet of Holej {Acrobat +Inv rC+ Dex-2}
 21680 | IceCv    | Identified the amulet "Xinipt" {Acrobat rCorr Slay-6 SInv}
 21685 | IceCv    | Got the ring of Lunec {Ice Str+2 Int-4 Slay+2 Stlth+}
 21686 | IceCv    | Identified the ring of Jexzel {rF+ Will+}
 23067 | Lair:4   | Found a viscous altar of Jiyva.
 23067 | Lair:4   | Found a staircase to the Slime Pits.
 23642 | Lair:4   | Noticed Snorg
 23655 | Lair:4   | Killed Snorg
 23975 | Lair:5   | Entered Level 5 of the Lair of Beasts
 24001 | Lair:5   | Noticed Nessos
 24012 | Lair:4   | Killed Nessos
 24018 | Lair:4   | Received a gift from Okawaru
 24019 | Lair:4   | Reached skill level 5 in Throwing
 24019 | Lair:4   | Reached skill level 10 in Shields
 24167 | Lair:5   | Identified the orb of Inkobi Vetwo {guile, Harm rPois Dex+3
                  | SInv}
 24229 | Lair:5   | Found a blossoming altar of Fedhas.
 24327 | Lair:5   | Received a gift from Okawaru
 24495 | Lair:5   | Identified the +4 scale mail "Redir" {rN++ Stlth-} (Okawaru
                  | gifted it to you on level 5 of the Lair of Beasts)
 24495 | Lair:5   | Received a gift from Okawaru
 24828 | Lair:5   | Reached skill level 15 in Maces & Flails
 24983 | Lair:5   | Noticed a dire elephant
 25031 | Lair:5   | Killed a dire elephant
 25160 | Lair:5   | Reached XP level 15. HP: 90/101 MP: 20/20
 25646 | Lair:5   | Found a runed translucent door.
 25724 | Lair:5   | Reached skill level 15 in Fighting
 25807 | Lair:5   | Received a gift from Okawaru
 26438 | Orc:1    | Entered Level 1 of the Orcish Mines
 26723 | Orc:2    | Entered Level 2 of the Orcish Mines
 26723 | Orc:2    | Found Nodausik's Gadget Gallery.
 26977 | Orc:2    | Paralysed by an orc sorcerer for 2 turns
 27106 | Orc:2    | Found a staircase to the Elven Halls.
 27277 | Orc:1    | Noticed an orc warlord
 27387 | Orc:2    | Found Yzao's Jewellery Boutique.
 27387 | Orc:2    | Found Yhedgh's Magic Scroll Emporium.
 27552 | Orc:2    | Found Doroe's Magic Scroll Shoppe.
 27748 | Orc:2    | Found Eshomomp's Weapon Emporium.
 27784 | Orc:2    | Found Zoutsekh's Jewellery Boutique.
 28172 | Orc:1    | Paralysed by an orc sorcerer for 3 turns
 28357 | Orc:2    | Killed an orc warlord
 28609 | Orc:1    | Paralysed by an orc sorcerer for 2 turns
 28951 | Swamp:1  | Entered Level 1 of the Swamp
 29728 | Swamp:1  | Noticed Jorgrun
 29745 | Swamp:1  | Killed Jorgrun
 29745 | Swamp:1  | Received a gift from Okawaru
 29906 | Swamp:1  | Found a sacrificial altar of Ru.
 30362 | Swamp:2  | Noticed Nikola
 30381 | Swamp:1  | Killed Nikola
 30382 | Swamp:1  | Reached XP level 16. HP: 102/110 MP: 21/21
 30537 | Swamp:2  | Noticed a fenstrider witch
 30540 | Swamp:2  | Paralysed by a fenstrider witch for 3 turns
 30554 | Swamp:2  | Killed a fenstrider witch
 30558 | Swamp:2  | HP: 4/110 [swamp worm (13)]
 31223 | Swamp:3  | Received a gift from Okawaru
 31709 | Swamp:3  | Noticed a fenstrider witch
 31714 | Swamp:3  | Paralysed by a fenstrider witch for 2 turns
 31725 | Swamp:3  | Killed a fenstrider witch
 32015 | Swamp:3  | Noticed Kirke
 32042 | Swamp:3  | HP: 3/111 [manticore[Kirke] (16)]
 32042 | Swamp:3  | Slain by a manticore

Illustrated notes

Levels and vault maps discovered:
D:1:      minmay_arrival_plants_in_alcoves, layout_loops_ring,
          hellmonk_ecumenical_altar_dog_temple
D:2:      layout_basic, kennysheep_big_empty_room
D:3:      layout_loops_ring, hex_large
D:4:      layout_gridville, nicolae_dithmenos_shadow_blocks,
          jmf_multi_god_temple2, nicolae_overflow_crystal_walls,
          minmay_misc_feat_columns
D:5:      minmay_diamond_boxcup, layout_rooms, uniq_duvessa
D:6:      layout_basic, serial_shops, nicolae_take_the_stairs,
          uniq_crazy_yiuf_cottage
D:7:      layout_loops_corners, xom_teletrap_fun, nicolae_gozag_seed_capital
D:8:      layout_loops_ring, mainiacjoe_overflow_large_starburst,
          ebering_ghost_funeral_grove, enter_bailey_5, grunt_decor_clamped,
          minmay_misc_feat_diagonals
D:9:      layout_big_octagon, lemuel_coloured_pillars_altar,
          mainiacjoe_overflow_swirl, minmay_pinched_square
D:10:     layout_rooms, amcnicky_mini_rare_corridor_liquid,
          nicolae_houndstooth_variations
D:11:     layout_irregular_city, erik_lair_orcish_takeover, serial_shops,
          nicolae_shop_advertising_works [nicolae_subvault_shop_adworks],
          enter_trove_6, uniq_sonja
D:12:     minmay_shoctagon, layout_long_grid, minmay_orc_entry_temple_small,
          nrook_pool_corridor
D:13:     layout_basic, serial_shops, nicolae_shop_bloodbath_and_beyond
Temple:   bh_familiar_temple
Lair:1:   dreamdust_isle_of_ice, layout_regular_city, grunt_megastairs_1,
          serial_bayou_shore_a
Lair:2:   layout_misc_corridors, swamp_mist_pool,
          minmay_snake_entry_guardpost_small, gammafunk_ghost_abyssal_escape,
          serial_bayou_shore_b, serial_bayou_shore_b, grunt_megastairs_5
Lair:3:   layout_cave_pods, portal_ice_cave_entry_imps,
          infiniplex_staircase_pool
Lair:4:   layout_regular_city, minmay_slime_entry_jelly_boxes, minivault_11,
          minivault_19, grunt_forest_small_clearings, uniq_snorg
Lair:5:   hangedman_lair_in_review, layout_hall_layers, wormcave, st_stairs_11,
          tgw_fedhas, uniq_nessos
Swamp:1:  layout_basic_swamp, lemuel_altar_in_water, uniq_jorgrun
Swamp:2:  layout_falls_marsh, evilmike_swamp_ruin_house_6, uniq_nikola
Swamp:3:  layout_falls_marsh, ebering_ghost_xom, nicolae_swamp_trees_clearing,
          uniq_kirke
Orc:1:    layout_diamond_mine
Orc:2:    st_orc_town, layout_caves, basic_altar, serial_shops, shop,
          nicolae_shop_gadgets

Skill      XL: |  1  2  3  4  5  6  7  8  9 10 11 12 13 14 15 |
---------------+----------------------------------------------+-----
Maces & Flails | 3 4 5 6 7 9 11 12 14 15 16 | 16.5
Armour         | 4 5 6 7 8 9 10 11 12 13 | 13.2
Fighting       | 4 5 6 7 9 10 11 13 14 16 | 16.6
Dodging        | 1 2 3 4 |  4.1
Shields        | 4 5 7 8 9 10 11 | 11.2
Throwing       | 1 3 4 5 6 |  6.6
Invocations    | 3 6 7 |  7.1

Action                     |  1- 3 |  4- 6 |  7- 9 | 10-12 | 13-15 | 16-18 || total
---------------------------+-------+-------+-------+-------+-------+-------++-------
  Melee: Flail             |    77 |   141 |   116 |       |       |       ||   334
         Mace              |       |       |   243 |   767 |   340 |       ||  1350
         Morningstar       |       |       |       |       |  1027 |   151 ||  1178
         Unarmed           |       |       |       |       |       |     3 ||     3
  Throw: Dart              |       |     7 |     2 |    83 |     3 |       ||    95
         Boomerang         |       |       |       |       |   104 |    31 ||   135
 Invoke: Heroism           |       |       |       |       |     3 |     1 ||     4
    Use: Potion            |       |       |       |       |       |     7 ||     7
 Armour: Scale mail        |    38 |     4 |       |       |       |       ||    42
         Plate armour      |       |   114 |   234 |   602 |       |       ||   950
         Chain mail        |       |     5 |       |       |       |       ||     5
         Storm dragon scal |       |       |       |    13 |  1025 |   113 ||  1151
  Dodge: Dodged            |    36 |    39 |    98 |   288 |   727 |    76 ||  1264
         Repelled          |       |       |       |       |     7 |       ||     7
  Block: Buckler           |    26 |    36 |   105 |   237 |   509 |    41 ||   954

Table legend: (Time is in decaauts)
 A = Elapsed time spent in this place.
 B = Non-inter-level travel time spent in this place.
 C = Inter-level travel time spent in this place.
 D = Time resting spent in this place.
 E = Time spent auto-exploring this place.
 F = Levels seen in this place.
 G = Mean time per level.
                   A        B        C        D        E       F      G
               +--------+--------+--------+--------+--------+-----+--------+
         Total |  31682 |  29551 |   2131 |   4553 |  19379 |  26 | 1218.5 |
       Dungeon |  17088 |  15856 |   1232 |   2489 |  10675 |  13 | 1314.5 |
        Temple |      1 |      1 |      0 |      0 |      0 |   1 |    1.0 |
          Lair |   7666 |   7074 |    592 |    560 |   5066 |   5 | 1533.2 |
         Swamp |   2602 |   2511 |     91 |    373 |   1692 |   3 |  867.3 |
  Orcish Mines |   2361 |   2147 |    214 |    550 |   1139 |   2 | 1180.5 |
        Bailey |    778 |    778 |      0 |    207 |    284 |   1 |  778.0 |
      Ice Cave |   1184 |   1184 |      0 |    374 |    523 |   1 | 1184.0 |
               +--------+--------+--------+--------+--------+-----+--------+

Top non-repeatable levels by time:
    D:11: 2724 daAuts
     D:9: 2123 daAuts
  Lair:5: 2099 daAuts
    D:13: 1820 daAuts
  Lair:1: 1556 daAuts
  Lair:2: 1556 daAuts
   Orc:2: 1466 daAuts
    D:12: 1348 daAuts
     D:4: 1249 daAuts
     D:7: 1247 daAuts
  Lair:3: 1227 daAuts
  Lair:4: 1226 daAuts
     D:6: 1213 daAuts
   IceCv: 1184 daAuts
     D:8: 1179 daAuts
